 Dungeon Crawl Stone Soup version 0.30-a0-585-g93115170b9 (webtiles) character file.

Game seed: 6072008460718284755

2364 OTABOTABOTAB the Grappler (level 9, -7/68 HPs)
             Began as a Gnoll Transmuter on Jan 3, 2023.
             Was an Initiate of Sif Muna.
             Shot with a bolt by an orc warrior (25 damage)
             ... on level 7 of the Dungeon.
             The game lasted 00:12:31 (7486 turns).

OTABOTABOTAB the Grappler (Gnoll Transmuter)        Turns: 7486, Time: 00:12:31

Health: -7/68      AC:  2    Str: 13    XL:     9   Next: 44%
Magic:  17/19      EV: 23    Int: 14    God:    Sif Muna [......]
Gold:   252        SH:  5    Dex: 17    Spells: 13/21 levels left

rFire   . . .      SeeInvis .      - Unarmed
rCold   + . .      Faith    .    (shield currently unavailable)
rNeg    . . .      Spirit   .    (body armour currently unavailable)
rPois   x          Reflect  +    (helmet currently unavailable)
rElec   .          Harm     .    (cloak currently unavailable)
rCorr   .          Rampage  .    (gloves currently unavailable)
Will    .....                    (boots currently unavailable)
Stlth   +++                      g - amulet of reflection
HPRegen 0.31/turn                C - ring of protection from cold {rC+, !d}
MPRegen 0.16/turn                Z - ring of wizardry {Wiz+, !d}

@: spider-form
A: venomous fangs, tiny, (fangs 1), strong nose, distributed training
a: End Transformation, Renounce Religion


You were on level 7 of the Dungeon.
You worshipped Sif Muna.
Sif Muna was noncommittal.
You were a venomous arachnid creature.
You visited 2 branches of the dungeon, and saw 8 of its levels.

You collected 356 gold pieces.
You spent 104 gold pieces at shops.

Inventory:

Missiles
 i - a javelin
 k - 13 boomerangs
 l - a throwing net {!d}
 q - 13 poisoned darts
 s - 21 stones
 t - 6 atropa-tipped darts
Armour
 a - a +0 robe (melded)
 e - a +0 hat
   (You found it on level 7 of the Dungeon)
 h - a +0 cloak (melded)
   (You found it on level 1 of the Dungeon)
 n - a +1 pair of gloves (melded)
   (You found it on level 2 of the Dungeon)
 w - a +0 pair of boots (melded)
   (You found it on level 3 of the Dungeon)
Magical Staves
 A - a staff of fire {rF+}
   (You found it on level 5 of the Dungeon)
Jewellery
 b - a ring of magical power {MP+9}
   (You found it on level 5 of the Dungeon)
 d - an amulet of magic regeneration
   (You found it on level 6 of the Dungeon)
 f - a ring of fire {rF+, rC-}
   (You found it on level 1 of the Dungeon)
 g - an amulet of reflection (around neck)
   (You found it on level 1 of the Dungeon)
 z - an amulet of faith
   (You found it on level 4 of the Dungeon)
 C - a ring of protection from cold (left front leg) {rC+, !d}
   (You found it on level 1 of the Dungeon)
 Z - a ring of wizardry (right front leg) {Wiz+, !d}
   (You found it on level 1 of the Dungeon)
Scrolls
 c - a scroll of torment {unknown}
 E - 2 scrolls of enchant armour
 K - a scroll of immolation {!r}
 Y - 5 scrolls of teleportation {@r3}
Potions
 B - 3 potions of brilliance
 H - a potion of haste
 I - a potion of invisibility
 J - 2 potions of curing {@q1}
 P - a potion of lignification {!q}
 U - 2 potions of mutation {!q}


   Skills:
 + Level 5.2 Fighting
 + Level 4.4 Short Blades
 + Level 4.4 Long Blades
 + Level 4.4 Axes
 + Level 4.4 Maces & Flails
 + Level 4.4 Polearms
 + Level 4.4 Staves
 + Level 4.4 Ranged Weapons
 + Level 4.4 Throwing
 + Level 4.4 Armour
 + Level 6.4 Dodging
 + Level 4.4 Stealth
 + Level 4.4 Shields
 + Level 8.0 Unarmed Combat
 + Level 6.7 Spellcasting
 + Level 3.6 Conjurations
 + Level 3.6 Hexes
 + Level 3.6 Summonings
 + Level 3.6 Necromancy
 + Level 3.6 Translocations
 + Level 5.3 Transmutations
 + Level 3.6 Fire Magic
 + Level 3.6 Ice Magic
 + Level 3.6 Air Magic
 + Level 3.6 Earth Magic
 + Level 3.6 Poison Magic
 + Level 4.9 Invocations
 + Level 4.4 Evocations


You had 13 spell levels left.
You knew the following spells:

 Your Spells              Type           Power      Damage    Failure   Level
a - Beastly Appendage     Tmut           38%        N/A       2%          1
b - Ice Form              Ice/Tmut       17%        N/A       19%         4
c - Spider Form           Tmut/Pois      17%        N/A       8%          3

Your spell library contained the following spells:

 Spells                   Type           Power      Damage    Failure   Level
 Summon Small Mammal      Summ           56%        N/A       4%          1
 Wereblood                Tmut           19%        N/A       4%          2
 Cigotuvi's Dreadful Rot  Necr/Pois/Air  28%        N/A       6%          2
 Poisonous Vapours        Pois/Air       28%        N/A       6%          2
 Call Canine Familiar     Summ           14%        N/A       10%         3
 Hailstorm                Conj/Ice       14%        3d5       10%         3
 Mephitic Cloud           Conj/Pois/Air  14%        N/A       10%         3
 Summon Guardian Golem    Hex/Summ       14%        N/A       10%         3
 Conjure Ball Lightning   Conj/Air       7%         3x3d6     94%         6
 Simulacrum               Ice/Necr       7%         N/A       94%         6
 Discord                  Hex            7%         N/A       100%        8
 Disjunction              Tloc           7%         N/A       100%        8


Dungeon Overview and Level Annotations

Branches:
Dungeon (7/15)             Temple (1/1) D:6

Altars:
Ashenzari
Cheibriados
Dithmenos
Elyvilon
Fedhas
Gozag
Hepliaklqana
Kikubaaqudgha
Makhleb
Nemelex Xobeh
Okawaru
Qazlal
Ru
Sif Muna
Trog
Uskayaw
Vehumet
Wu Jian
Yredelemnul
Zin
The Shining One

Shops:
D:5 (*


Innate Abilities, Weirdness & Mutations

You are a venomous arachnid creature.
You have poisonous fangs.
You are tiny and dextrous.
Your spellcasting is less reliable in this form.
Your armour is entirely melded.
You are incapable of wielding weapons or throwing items.
((You have very sharp teeth.))
Your uncanny sense of smell can sniff out nearby items.
Your experience applies equally to all skills.


Message History

Sif Muna accepts your kill.
No target in view!
No target in view!
You warm up again.
Your +0 cloak unmelds from your body.
Your +1 pair of gloves unmelds from your body.
Your +0 pair of boots unmelds from your body.
Your +0 robe unmelds from your body.
Your magical contamination has completely faded away.
You now have 59/68 hp.
A sky beast comes into view.
The sky beast moves out of view.
Health restored: 68; MP restored: 19 You now have 252 gold pieces (gained 12).
An ogre comes into view. It is wielding a +0 giant club.
An ogre is nearby!
An ogre is nearby!
You turn into a creature of crystalline ice.
Your +0 cloak melds into your body.
Your +1 pair of gloves melds into your body.
Your +0 pair of boots melds into your body.
Your +0 robe melds into your body.
The ogre barely misses you.
You now have 81/81 hp.
Unknown command.
You completely miss the ogre. You punch the ogre! You freeze the ogre.
The ogre hits you with a +0 giant club!
You take 9 damage, and have 72/81 hp.
You pummel the ogre!! You freeze the ogre.
You kill the ogre!
Sif Muna accepts your kill.
Your Unarmed Combat skill increases to level 8!
No target in view!
Unknown command.
No target in view!
You warm up again.
Your +0 cloak unmelds from your body.
Your +1 pair of gloves unmelds from your body.
Your +0 pair of boots unmelds from your body.
Your +0 robe unmelds from your body.
You now have 61/68 hp.
Things that are here:
a +0 giant club; an ogre corpse A shadow imp comes into view.
Health restored: 68; MP restored: 19 A shadow imp is nearby!
A shadow imp is nearby!
A shadow imp is nearby!
An orc priest comes into view. It is wielding a +0 dagger of draining.
The orc priest shouts!
You hear a shout!
An orc comes into view. It is wielding a +0 glaive.
The shadow imp shouts!
You hear a shout! x2; You hear a croak.
A bullfrog comes into view.
An orc warrior comes into view. It is wielding a +0 war axe.
The bullfrog moves out of view.
You turn into a venomous arachnid creature.
Your +0 cloak melds into your body.
Your +1 pair of gloves melds into your body.
Your +0 pair of boots melds into your body.
Your +0 robe melds into your body.
The orc priest begins to cast a cantrip, but forgets the words!
You now have 16/19 mp.
An orc comes into view. It is wielding a +0 mace.
The shadow imp gestures at you. Pain shoots through your body!
You take 7 damage, and have 61/68 hp.
The orc warrior unwields a +0 war axe.
The orc warrior wields a +0 arbalest.
The orc warrior shoots a bolt.
The bolt hits you!! The orc hits you with a +0 glaive!
You take 36 damage, and have 25/68 hp.
MASSIVE DAMAGE!!
You hit the orc priest.
The orc priest is poisoned.
The orc priest barely misses you. The orc barely misses you.
The shadow imp hits you.
You take 3 damage, and have 22/68 hp.
You hit the orc priest. The bullfrog misses you.
The orc priest hits you with a +0 dagger of draining.
* * * LOW HITPOINT WARNING * * *
You feel drained.
* * * LOW HITPOINT WARNING * * *
The orc barely misses you. The shadow imp completely misses you.
The bullfrog hits you.
* * * LOW HITPOINT WARNING * * *
You take 5 damage, and have 17/67 hp.
You bite the orc priest!
The orc priest looks as sick as possible!
The bullfrog completely misses you. The orc priest completely misses you.
The orc completely misses you. The shadow imp misses you.
The orc warrior unwields a +0 arbalest.
The orc warrior wields a +0 war axe.
The orc warrior closely misses you.
You hit the orc priest.
You kill the orc priest!
Sif Muna accepts your kill. The bullfrog completely misses you.
The shadow imp completely misses you. The orc completely misses you.
Your life force feels restored.
The bullfrog completely misses you.
The orc warrior unwields a +0 war axe.
The orc warrior wields a +0 arbalest.
The orc warrior shoots a bolt.
The bolt hits you!!
You die...

#######.# ## #..###
###...##... #.
###....###.....#...#####
#.......#.............#.
#..............#.#..#.##
#............####.##...
#..........##......#.
..###.o)............#.###
)....o5.s.....##)#.##..#.
#.....oF..######.##......
#.....#.#.# ##.....#...
...##.#...# #...#####.>
.. # ..... ###....#.....
. #.................#.
........###.......#.
.)........ ##..###... .
##.####..


You could see an orc warrior, a bullfrog, a shadow imp and 2 orcs.

Vanquished Creatures
  Pikel (D:4)
  Menkaure (D:5)
  A water moccasin (D:6)
  An ice beast (D:6)
  A black bear (D:4)
  An ogre (D:7)
  A lemure (D:4)
  3 phantoms
  A bullfrog (D:7)
  A necrophage (D:5)
  A gnoll sergeant (D:6)
  2 scorpions (D:6)
  5 wights (D:5)
  A hound (D:7)
  A gnoll bouda (D:6)
  2 orc priests
  2 iguanas
  2 jellies
  Jessica (D:2)
  An orc wizard (D:4)
  12 gnolls
  10 adders
  A shadow imp (D:5)
  An ufetubus (D:5)
  A worm (D:5)
  4 dart slugs
  22 orcs
  9 endoplasms
  A giant cockroach (D:1)
  9 goblins
  9 hobgoblins
  3 jackals (D:2)
  5 quokkas
  3 training dummies (D:5)
  4 ball pythons
  7 bats
  6 frilled lizards
  8 kobolds
  7 rats
152 creatures vanquished.

Notes
Turn   | Place    | Note
-------+----------+-------------------------------------------
     0 | D:1      | OTABOTABOTAB the Gnoll Transmuter began the quest for the
                  | Orb.
     0 | D:1      | Reached XP level 1. HP: 17/17 MP: 6/6
   131 | D:1      | Reached XP level 2. HP: 15/23 MP: 7/7
   552 | D:1      | Reached skill level 5 in Spellcasting
   552 | D:1      | Reached XP level 3. HP: 21/28 MP: 6/9
   608 | D:1      | Learned a level 3 spell: Spider Form
   785 | D:1      | Reached skill level 1 in Invocations
  1188 | D:2      | Reached skill level 1 in Short Blades
  1188 | D:2      | Reached skill level 1 in Long Blades
  1188 | D:2      | Reached skill level 1 in Axes
  1188 | D:2      | Reached skill level 1 in Maces & Flails
  1188 | D:2      | Reached skill level 1 in Polearms
  1188 | D:2      | Reached skill level 1 in Staves
  1188 | D:2      | Reached skill level 1 in Ranged Weapons
  1188 | D:2      | Reached skill level 1 in Throwing
  1188 | D:2      | Reached skill level 1 in Armour
  1188 | D:2      | Reached skill level 1 in Stealth
  1188 | D:2      | Reached skill level 1 in Shields
  1188 | D:2      | Reached skill level 1 in Evocations
  1193 | D:2      | Reached XP level 4. HP: 10/34 MP: 8/11
  1376 | D:2      | Reached skill level 1 in Conjurations
  1376 | D:2      | Reached skill level 1 in Hexes
  1376 | D:2      | Reached skill level 1 in Summonings
  1376 | D:2      | Reached skill level 1 in Necromancy
  1376 | D:2      | Reached skill level 1 in Translocations
  1376 | D:2      | Reached skill level 1 in Fire Magic
  1376 | D:2      | Reached skill level 1 in Ice Magic
  1376 | D:2      | Reached skill level 1 in Air Magic
  1376 | D:2      | Reached skill level 1 in Earth Magic
  1376 | D:2      | Reached skill level 1 in Poison Magic
  1914 | D:2      | Noticed Jessica
  1928 | D:2      | Killed Jessica
  1929 | D:2      | Reached XP level 5. HP: 33/40 MP: 9/12
  1962 | D:2      | Reached skill level 3 in Fighting
  1968 | D:2      | Learned a level 4 spell: Ice Form
  2094 | D:2      | Reached skill level 4 in Transmutations
  2420 | D:3      | HP: 10/41 [poisoned by an adder]
  2609 | D:3      | Reached skill level 2 in Invocations
  2692 | D:3      | You fall into a shaft and drop 2 floors!
  2692 | D:5      | Entered Level 5 of the Dungeon
  2723 | D:4      | Noticed a lemure
  2723 | D:4      | Noticed a lemure
  2771 | D:4      | Noticed a phantom
  2788 | D:4      | Killed a phantom
  2789 | D:4      | Reached skill level 2 in Short Blades
  2789 | D:4      | Reached skill level 2 in Long Blades
  2789 | D:4      | Reached skill level 2 in Axes
  2789 | D:4      | Reached skill level 2 in Maces & Flails
  2789 | D:4      | Reached skill level 2 in Polearms
  2789 | D:4      | Reached skill level 2 in Staves
  2789 | D:4      | Reached skill level 2 in Ranged Weapons
  2789 | D:4      | Reached skill level 2 in Throwing
  2789 | D:4      | Reached skill level 2 in Armour
  2789 | D:4      | Reached skill level 5 in Dodging
  2789 | D:4      | Reached skill level 2 in Stealth
  2789 | D:4      | Reached skill level 2 in Shields
  2789 | D:4      | Reached skill level 2 in Evocations
  2789 | D:4      | Reached XP level 6. HP: 47/47 MP: 5/14
  3624 | D:4      | Noticed Pikel
  3638 | D:4      | Killed Pikel
  3639 | D:4      | Reached skill level 4 in Fighting
  3639 | D:4      | Reached skill level 3 in Short Blades
  3639 | D:4      | Reached skill level 3 in Long Blades
  3639 | D:4      | Reached skill level 3 in Axes
  3639 | D:4      | Reached skill level 3 in Maces & Flails
  3639 | D:4      | Reached skill level 3 in Polearms
  3639 | D:4      | Reached skill level 3 in Staves
  3639 | D:4      | Reached skill level 3 in Ranged Weapons
  3639 | D:4      | Reached skill level 3 in Throwing
  3639 | D:4      | Reached skill level 3 in Armour
  3639 | D:4      | Reached skill level 3 in Stealth
  3639 | D:4      | Reached skill level 3 in Shields
  3639 | D:4      | Reached skill level 7 in Unarmed Combat
  3639 | D:4      | Reached skill level 2 in Conjurations
  3639 | D:4      | Reached skill level 2 in Hexes
  3639 | D:4      | Reached skill level 2 in Summonings
  3639 | D:4      | Reached skill level 2 in Necromancy
  3639 | D:4      | Reached skill level 2 in Translocations
  3639 | D:4      | Reached skill level 2 in Fire Magic
  3639 | D:4      | Reached skill level 2 in Ice Magic
  3639 | D:4      | Reached skill level 2 in Air Magic
  3639 | D:4      | Reached skill level 2 in Earth Magic
  3639 | D:4      | Reached skill level 2 in Poison Magic
  3639 | D:4      | Reached skill level 3 in Invocations
  3639 | D:4      | Reached skill level 3 in Evocations
  3639 | D:4      | Reached XP level 7. HP: 54/54 MP: 8/15
  3639 | D:4      | Reached XP level 8. HP: 60/60 MP: 8/16
  3911 | D:4      | Reached skill level 6 in Spellcasting
  4436 | D:5      | Noticed Menkaure
  4442 | D:5      | HP: 17/73 [Menkaure (22)]
  4446 | D:5      | Killed Menkaure
  4447 | D:5      | Reached skill level 4 in Invocations
  4452 | D:5      | Reached skill level 3 in Conjurations
  4452 | D:5      | Reached skill level 3 in Hexes
  4452 | D:5      | Reached skill level 3 in Summonings
  4452 | D:5      | Reached skill level 3 in Necromancy
  4452 | D:5      | Reached skill level 3 in Translocations
  4452 | D:5      | Reached skill level 3 in Fire Magic
  4452 | D:5      | Reached skill level 3 in Ice Magic
  4452 | D:5      | Reached skill level 3 in Air Magic
  4452 | D:5      | Reached skill level 3 in Earth Magic
  4452 | D:5      | Reached skill level 3 in Poison Magic
  4702 | D:5      | Reached skill level 6 in Dodging
  4805 | D:5      | Found Supsaokk's Assorted Antiques.
  4809 | D:5      | Bought a scroll labelled ZYJITA DOECEWK for 26 gold pieces
  4809 | D:5      | Bought a scroll labelled ZYJITA DOECEWK for 26 gold pieces
  4809 | D:5      | Bought a scroll labelled UTOCHECIGAN for 26 gold pieces
  4809 | D:5      | Bought a scroll labelled ZYJITA DOECEWK for 26 gold pieces
  4929 | D:5      | Found Ufeemoha's Firing Range.
  5265 | D:6      | Reached skill level 5 in Transmutations
  5367 | D:6      | Reached XP level 9. HP: 66/66 MP: 14/18
  5434 | D:6      | Reached skill level 4 in Short Blades
  5434 | D:6      | Reached skill level 4 in Long Blades
  5434 | D:6      | Reached skill level 4 in Axes
  5434 | D:6      | Reached skill level 4 in Maces & Flails
  5434 | D:6      | Reached skill level 4 in Polearms
  5434 | D:6      | Reached skill level 4 in Staves
  5434 | D:6      | Reached skill level 4 in Ranged Weapons
  5434 | D:6      | Reached skill level 4 in Throwing
  5434 | D:6      | Reached skill level 4 in Armour
  5434 | D:6      | Reached skill level 4 in Stealth
  5434 | D:6      | Reached skill level 4 in Shields
  5434 | D:6      | Reached skill level 4 in Evocations
  5453 | D:6      | Found a staircase to the Ecumenical Temple.
  5473 | Temple   | Entered the Ecumenical Temple
  5673 | Temple   | Became a worshipper of Sif Muna the Loreminder
  6093 | D:6      | HP: 18/80 [gnoll sergeant/+0 spear (10)]
  6099 | D:6      | HP: 16/80 [gnoll sergeant/+0 spear (3)]
  6102 | D:6      | HP: 6/80 [gnoll sergeant/+0 spear (7)]
  6575 | D:6      | Reached skill level 5 in Fighting
  7446 | D:7      | Reached skill level 8 in Unarmed Combat
  7486 | D:7      | Shot with a bolt by an orc warrior

Illustrated notes

Levels and vault maps discovered:
D:1:      lemuel_arrival_room, layout_basic
D:2:      cheibrodos_greedy_goblins, layout_loops_ring, uniq_jessica
D:3:      layout_rooms
D:4:      layout_basic, minivault_24, uniq_pikel
D:5:      nicolae_BIG_FREAKIN_CUBE, layout_loops_ring, serial_shops, shop,
          nicolae_shop_firing_range, uniq_menkaure
D:6:      layout_basic, minmay_temple_entry_large_hall, lemuel_flame_loot_1
D:7:      layout_cave_pools
Temple:   mainiacjoe_temple_hex_bubbles

Skill      XL: |  1  2  3  4  5  6  7  8  9 |
---------------+----------------------------+-----
Spellcasting   | 5 6 |  6.7
Invocations    | 1 2 3 4 |  4.9
Short Blades   | 1 2 3 4 |  4.4
Long Blades    | 1 2 3 4 |  4.4
Axes           | 1 2 3 4 |  4.4
Maces & Flails | 1 2 3 4 |  4.4
Polearms       | 1 2 3 4 |  4.4
Staves         | 1 2 3 4 |  4.4
Ranged Weapons | 1 2 3 4 |  4.4
Throwing       | 1 2 3 4 |  4.4
Armour         | 1 2 3 4 |  4.4
Stealth        | 1 2 3 4 |  4.4
Shields        | 1 2 3 4 |  4.4
Evocations     | 1 2 3 4 |  4.4
Conjurations   | 1 2 3 |  3.6
Hexes          | 1 2 3 |  3.6
Summonings     | 1 2 3 |  3.6
Necromancy     | 1 2 3 |  3.6
Translocations | 1 2 3 |  3.6
Fire Magic     | 1 2 3 |  3.6
Ice Magic      | 1 2 3 |  3.6
Air Magic      | 1 2 3 |  3.6
Earth Magic    | 1 2 3 |  3.6
Poison Magic   | 1 2 3 |  3.6
Fighting       | 3 4 5 |  5.2
Transmutations | 4 5 |  5.3
Dodging        | 5 6 |  6.4
Unarmed Combat | 7 8 |  8.0

Action                   |  1- 3 |  4- 6 |  7- 9 || total
-------------------------+-------+-------+-------++-------
Melee: Unarmed           |    82 |   172 |   160 ||   414
       Kick              |    11 |       |       ||    11
       Headbutt          |     7 |       |       ||     7
       Bite              |     5 |     2 |       ||     7
       Punch             |     2 |       |       ||     2
Throw: Stone             |    12 |    28 |     6 ||    46
 Cast: Beastly Appendage |    16 |       |       ||    16
       Spider Form       |     1 |    23 |     5 ||    29
       Ice Form          |       |     7 |    24 ||    31
 Abil: End Transformatio |    12 |    23 |    24 ||    59
  Use: Scroll            |       |       |    19 ||    19
       Potion            |       |       |     6 ||     6
 Stab: Sleeping          |       |       |     1 ||     1
Armor: Robe              |    11 |     2 |       ||    13
       Skin              |       |    14 |    12 ||    26
Dodge: Dodged            |    48 |   108 |    91 ||   247
Block: Other             |    11 |    36 |    38 ||    85
       Reflection        |       |     2 |       ||     2

Table legend: (Time is in decaauts)
 A = Elapsed time spent in this place.
 B = Non-inter-level travel time spent in this place.
 C = Inter-level travel time spent in this place.
 D = Time resting spent in this place.
 E = Time spent auto-exploring this place.
 F = Levels seen in this place.
 G = Mean time per level.
                   A        B        C        D        E       F      G
               +--------+--------+--------+--------+--------+-----+--------+
         Total |   7400 |   7197 |    203 |   1169 |   4892 |   8 |  925.0 |
       Dungeon |   6926 |   6764 |    162 |    921 |   4718 |   7 |  989.4 |
        Temple |    473 |    432 |     41 |    248 |    174 |   1 |  473.0 |
               +--------+--------+--------+--------+--------+-----+--------+

Top non-repeatable levels by time:
     D:6: 1433 daAuts
     D:2: 1203 daAuts
     D:5: 1174 daAuts
     D:1: 1169 daAuts
     D:4: 926 daAuts
     D:3: 725 daAuts
  Temple: 473 daAuts
     D:7: 293 daAuts

Table legend:
 A = Kills in this place as a percentage of kills in entire the game.
 B = Kills by you in this place as a percentage of kills by you in the entire game.
 C = Kills by friends in this place as a percentage of kills by friends in the entire game.
 D = Other kills in this place as a percentage of other kills in the entire game.
 E = Experience gained in this place as a percentage of experience gained in the entire game.
 F = Experience gained in this place divided by the number of levels of this place that you have seen.
                   A       B       C       D       E      F
               +-------+-------+-------+-------+-------+----------------------
         Total | 100.0 | 100.0 |   N/A |   N/A | 100.0 | 422.2
       Dungeon | 100.0 | 100.0 |   N/A |   N/A | 100.0 | 482.6
               +-------+-------+-------+-------+-------+----------------------
